 Dungeon Crawl Stone Soup version 0.28-a0-1415-g7c84da036a (webtiles) character file.

Game seed: 12376830316786678199

259 kae the Changer (level 5, 0/48 HPs)
             Began as a Draconian Transmuter on Jan 7, 2022.
             Slain by Grinder (3 damage)
             ... on level 4 of the Dungeon.
             The game lasted 00:02:15 (3341 turns).

kae the Changer (Draconian Transmuter)              Turns: 3341, Time: 00:02:15

Health: 0/48       AC:  6    Str: 12    XL:     5   Next: 95%
Magic:  4/10       EV: 10    Int: 16    God:
Gold:   1247       SH:  0    Dex: 11    Spells: 2/10 levels left

rFire   x . .      SeeInvis .     - Unarmed
rCold   + + +      Faith    .   (shield currently unavailable)
rNeg    . . .      Spirit   .   (armour unavailable)
rPois   +          Reflect  .   (helmet currently unavailable)
rElec   .          Harm     .   (cloak currently unavailable)
rCorr   .          Rampage  .   (gloves currently unavailable)
Will    .....                   (boots currently unavailable)
Stlth   +.........              (no amulet)
HPRegen 0.16/turn               (no ring)
MPRegen 0.12/turn               (no ring)

@: ice-form
A: freezing attack, amphibious, boosted hp, AC +5, large, unfitting armour,
(cold-blooded)
a: End Transformation


You were on level 4 of the Dungeon.
You were a creature of crystalline ice.
You visited 1 branch of the dungeon, and saw 4 of its levels.

You collected 1247 gold pieces.

Inventory:

Armour
 b - a +2 cloak (melded)
 f - a +0 pair of boots (melded)
Wands
 k - a wand of charming (11)
Scrolls
 a - 3 scrolls of brand weapon
 c - 3 scrolls of identify
 d - 2 scrolls of teleportation
 g - 3 scrolls of fear
Potions
 e - a potion of curing
 i - a potion of attraction


   Skills:
 - Level 1.1 Fighting
 - Level 1.7 Dodging
 - Level 3.0 Unarmed Combat
 + Level 3.3 Spellcasting
 * Level 4.8 Transmutations
 * Level 1.9 Ice Magic
 - Level 1.0 Poison Magic


You had 2 spell levels left.
You knew the following spells:

 Your Spells              Type           Power      Damage    Failure   Level
a - Beastly Appendage     Tmut           36%        N/A       2%          1
b - Spider Form           Tmut/Pois      12%        N/A       16%         3
c - Ice Form              Ice/Tmut       13%        N/A       41%         4

Your spell library contained the following spells:

 Spells                   Type           Power      Damage    Failure   Level
 Wereblood                Tmut           18%        N/A       3%          2
 Ensorcelled Hibernation  Hex/Ice        10%        N/A       19%         2


Dungeon Overview and Level Annotations

Branches:
Dungeon (4/15)
 Temple: D:4-7

Altars:
Nemelex Xobeh

Annotations:
D:4 Grinder


Innate Abilities, Weirdness & Mutations

You are a creature of crystalline ice.
You have a powerful freezing melee attack.
You are amphibious.
Your maximum health is increased.
Your armour is entirely melded.
You are incapable of wielding weapons or throwing items.
((Your plain brown scales are hard. (AC +5)))
You cannot fit into any form of body armour.
((You are cold-blooded and may be slowed by cold attacks.))


Message History

Grinder is lightly wounded.
Grinder blinks!
Grinder gestures at you. You resist with significant effort.
You start resting.
Grinder is nearby!
You hit Grinder but do no damage.
Grinder is lightly wounded.
You hit Grinder.
Grinder is moderately wounded.
Grinder hits you!
You writhe in agony.
You hit Grinder.
Grinder is moderately wounded.
Grinder says, "Tell me all your secrets, or I'll kill you."
Grinder gestures at you.
You suddenly lose the ability to move!
Grinder gestures at you. You resist with significant effort.
Grinder barely misses you.
Your magical contamination has completely faded away.
Grinder hits you.
You writhe in agony.
You can move again.
Unknown command.
Unknown command.
You punch Grinder! You freeze Grinder.
Grinder is severely wounded.
Grinder gestures at you.
You shrug off the repeated paralysis!
You punch Grinder!
Grinder is almost dead.
Grinder hits you.
* * * LOW HITPOINT WARNING * * *
You writhe in agony.
* * * LOW HITPOINT WARNING * * *
You barely miss Grinder.
Grinder is almost dead.
Grinder hits you.
* * * LOW HITPOINT WARNING * * *
You writhe in agony.
You die...

#.# ###### #.#
#....# #.# #.##.#
#.###.##.#
#........#
##..###...##
##....#.....#
#5..#....#.##
#...#Y.#...##.####
###.#..#...##....#
#.#..#.#.#####.#
.5####.#.#####.#
## #<.........#
##.#.####### #...#
#####


You could see Grinder.

Vanquished Creatures
  A necrophage (D:3)
  Terence (D:2)
  3 gnolls (D:2)
  3 adders
  A worm (D:2)
  2 dart slugs (D:2)
  An orc (D:3)
  6 ball pythons
  8 bats
  4 endoplasms
  2 giant cockroaches (D:3)
  12 goblins
  9 hobgoblins
  6 jackals (D:2)
  2 kobolds
  4 quokkas
  5 frilled lizards
  6 rats
76 creatures vanquished.

Notes
Turn   | Place    | Note
-------+----------+-------------------------------------------
     0 | D:1      | kae the Draconian Transmuter began the quest for the Orb.
     0 | D:1      | Reached XP level 1. HP: 16/16 MP: 3/3
   443 | D:1      | Reached XP level 2. HP: 23/23 MP: 3/5
   855 | D:1      | Reached skill level 3 in Transmutations
  1030 | D:1      | Reached XP level 3. HP: 26/28 MP: 4/6
  1034 | D:1      | Learned a level 3 spell: Spider Form
  1173 | D:2      | Noticed Terence
  1190 | D:2      | Killed Terence
  1191 | D:2      | Reached skill level 1 in Poison Magic
  1304 | D:2      | Reached XP level 4. HP: 20/35 MP: 5/7
  1565 | D:2      | Found a sparkling altar of Nemelex Xobeh.
  1601 | D:2      | Reached skill level 4 in Transmutations
  1974 | D:2      | Learned a level 4 spell: Ice Form
  2042 | D:2      | Reached XP level 5. HP: 28/40 MP: 9/9
  2291 | D:3      | Identified a scroll of acquirement
  2291 | D:3      | Acquired 1064 gold pieces
  2723 | D:3      | Noticed a necrophage
  2735 | D:3      | Killed a necrophage
  2736 | D:3      | Reached skill level 1 in Ice Magic
  3323 | D:4      | Noticed Grinder
  3335 | D:4      | Paralysed by Grinder for 4 turns
  3341 | D:4      | Slain by Grinder

Illustrated notes

Levels and vault maps discovered:
D:1:      dpeg_arrival_round_b, layout_basic
D:2:      layout_basic, basic_altar, grunt_decor_resistance, uniq_terence
D:3:      layout_loops_corners, minmay_starry_boxes
D:4:      layout_basic, trog_ov_bears_minmay, kennysheep_mini_moat,
          gammafunk_ghost_abyssal_escape, uniq_grinder, uniq_pikel

Skill      XL: |  1  2  3  4  5 |
---------------+----------------+-----
Transmutations | 3 4 |  4.8
Poison Magic   | 1 |  1.0
Spellcasting   | 3 |  3.3
Ice Magic      | 1 |  1.9
Fighting       | |  1.1
Dodging        | |  1.7
Unarmed Combat | |  3.0

Action                   |  1- 3 |  4- 6 || total
-------------------------+-------+-------++-------
Melee: Unarmed           |   106 |   128 ||   234
       Kick              |    13 |    18 ||    31
       Headbutt          |    10 |     7 ||    17
       Tailslap          |     5 |     7 ||    12
 Cast: Beastly Appendage |    17 |    17 ||    34
       Spider Form       |       |     5 ||     5
       Ice Form          |       |     1 ||     1
  Use: Potion            |     2 |       ||     2
       Scroll            |       |     8 ||     8
Armor: Skin              |    42 |    55 ||    97
Dodge: Dodged            |    87 |    88 ||   175

Table legend: (Time is in decaauts)
 A = Elapsed time spent in this place.
 B = Non-inter-level travel time spent in this place.
 C = Inter-level travel time spent in this place.
 D = Time resting spent in this place.
 E = Time spent auto-exploring this place.
 F = Levels seen in this place.
 G = Mean time per level.
                   A        B        C        D        E       F      G
               +--------+--------+--------+--------+--------+-----+--------+
         Total |   3329 |   3251 |     78 |      3 |   2663 |   4 |  832.2 |
       Dungeon |   3329 |   3251 |     78 |      3 |   2663 |   4 |  832.2 |
               +--------+--------+--------+--------+--------+-----+--------+

Top non-repeatable levels by time:
     D:2: 1178 daAuts
     D:1: 1100 daAuts
     D:3: 1002 daAuts
     D:4: 48 daAuts
